 Dungeon Crawl Stone Soup version 0.13-a0-3140-gbdcfb35 (webtiles) character file.

409 Kae the Ruinous (level 5, -1/28 HPs)
             Began as a Tengu Fire Elementalist on Sept 22, 2013.
             Killed by divine providence
             ... invoked by an orc priest
              (16 damage)
             ... on Level 4 of the Dungeon.
             The game lasted 00:06:05 (3705 turns).

Kae the Ruinous (Tengu Fire Elementalist)           Turns: 3705, Time: 00:06:05

HP  -1/28        AC  2     Str  8      XL: 5   Next: 80%
MP   5/12        EV 12     Int 16      God:
Gold 207         SH  0     Dex 15      Spells:  1 memorised,  8 levels left

Res.Fire  : . . .   See Invis. : .   (no weapon)
Res.Cold  : . . .   Warding    : .   a - +0 robe
Life Prot.: . . .   Conserve   : .   (no shield)
Res.Poison: .       Res.Corr.  : .   w - +0 cap
Res.Elec. : .       Clarity    : .   (no cloak)
Sust.Abil.: . .     Spirit.Shd : .   (no gloves)
Res.Mut.  : .       Stasis     : .   (boots unavailable)
Res.Rott. : .       Flight     : .   (no amulet)
Saprovore : . . .                    (no ring)
                                     (no ring)

@: slightly resistant to hostile enchantments, fairly stealthy
A: able to fly, beak, talons 3
a: Fly


You were on level 4 of the Dungeon.
You were not hungry.

You visited 1 branch of the dungeon, and saw 4 of its levels.

You collected 187 gold pieces.

Inventory:

Missiles
 e - 42 darts (quivered)
Armour
 a - a +0 robe (worn)
 w - a +0 cap (worn)
Magical devices
 r - a wand of magic darts (14)
Comestibles
 c - a bread ration
 d - 2 pears
 k - a snozzcumber
 m - a honeycomb
 p - 4 meat rations
 z - a choko
 A - 2 chunks of gnoll flesh
Scrolls
 f - 3 scrolls of fear {unknown}
 g - 2 scrolls of remove curse {unknown}
 j - 4 scrolls of identify {unknown}
 l - a scroll of magic mapping {unknown}
 n - a scroll of random uselessness {unknown}
 s - a scroll of fog {unknown}
 t - a scroll of enchant weapon II {unknown}
 v - a scroll of curse weapon {unknown}
 y - a scroll of amnesia {unknown}
 B - a scroll of recharging {unknown}
Potions
 h - 3 potions of curing {unknown}
 i - a potion of flight {unknown}
 o - a potion of confusion {unknown}
 q - a potion of speed {unknown}
 u - a potion of slowing {unknown}
 x - a potion of heal wounds {unknown}
Books
 b - a book of Flames

   Spells                             Type                      Level
   *Flame Tongue                      Conjuration/Fire             1
   Throw Flame                        Conjuration/Fire             2
   Conjure Flame                      Conjuration/Fire             3
   Inner Flame                        Hexes/Fire                   3
   Sticky Flame                       Conjuration/Fire             4
   Fireball                           Conjuration/Fire             5


   Skills:
 - Level 2.1 Dodging
 - Level 2.0 Stealth
 + Level 2.8 Spellcasting
 * Level 5.0 Conjurations
 + Level 4.3 Fire Magic


You had 8 spell levels left.
You knew the following spells:

 Your Spells              Type           Power        Failure   Level  Hunger
a - Flame Tongue          Conj/Fire      ###..        3%          1    #......


Dungeon Overview and Level Annotations

Branches:
Dungeon (4/27)
 Temple: D:4-7

Altars:
Kikubaaqudgha
Xom


Innate Abilities, Weirdness & Mutations

You can fly.
You have a beak for a mouth.
You have claws for feet.


Message History

Read which item? (? for menu, Esc to quit)
Okay, then.
Evoke which item? (* to show all) (? for menu, Esc to quit)
Okay, then.
Drink which item? (? for menu, Esc to quit)
Okay, then.
Casting: Flame Tongue
Confirm with . or Enter, or press ? or * to list all spells.
Aiming: Flame Tongue
Press: ? - help, Shift-Dir - straight line, f/p - orc priest
Aim: an orc priest, wielding an orcish dagger (severely wounded)
The flame hits the orc priest.
The orc priest is severely wounded.
The orc priest invokes the aid of Beogh against you.
Something smites you! The centaur misses you.
The orc priest calls down the wrath of Beogh upon you.
Something smites you!
Ouch! That really hurt!
You die...

.o..........# h...........#
.............##############
......).......>............
...............[...........
..........)...............
..........................
........c.................
........o@..........%.....
..........................
.........................
.........................
.........................
........................
#######################


You could see a centaur and an orc priest.

Vanquished Creatures
  A worker ant (D:4)
  A scorpion (D:4)
  5 adders
  3 gnolls (D:4)
  A worm (D:2)
  A giant eyeball (D:4)
  A giant gecko (D:2)
  4 orcs (D:4)
  A giant cockroach (D:2)
  13 hobgoblins
  10 kobolds
  11 bats
  2 giant newts
  8 goblins
  A quokka skeleton (D:4)
  8 rats
71 creatures vanquished.

Notes
Turn   | Place    | Note
--------------------------------------------------------------
     0 | D:1      | Kae, the Tengu Fire Elementalist, began the quest for the Orb.
     0 | D:1      | Reached XP level 1. HP: 10/10 MP: 3/3
   245 | D:1      | Reached XP level 2. HP: 7/15 MP: 0/5
  1106 | D:2      | Reached XP level 3. HP: 19/19 MP: 4/7
  1745 | D:2      | Reached XP level 4. HP: 22/24 MP: 7/9
  1821 | D:2      | Found a shimmering altar of Xom.
  1821 | D:2      | Found an ancient bone altar of Kikubaaqudgha.
  2642 | D:3      | Reached skill level 4 in Conjurations
  2969 | D:4      | Reached XP level 5. HP: 28/28 MP: 4/12
  3682 | D:4      | Reached skill level 5 in Conjurations
  3700 | D:4      | Noticed a centaur
  3705 | D:4      | Killed from afar by an orc priest

Action                   |  1- 3 |  4- 6 || total
-------------------------+-------+-------++-------
Melee: Unarmed           |    27 |       ||    27
 Cast: Flame Tongue      |    55 |    77 ||   132
Evoke: Wand              |       |     1 ||     1
